 Dungeon Crawl Stone Soup version 0.31.0-12-g77e489cdc1 (webtiles) character file.

Game seed: 7831680269676502826

3577 Skullbone the Cleaver (level 9, -1/78 HPs)
             Began as a Minotaur Fighter on Feb 16, 2024.
             Was a Priest of Nemelex Xobeh.
             Slain by an acid dragon (8 damage)
             ... on level 9 of the Dungeon on Feb 17, 2024.
             The game lasted 01:41:44 (8337 turns).

Skullbone the Cleaver (Minotaur Fighter)            Turns: 8337, Time: 01:41:45

Health: -1/78      AC: 10    Str: 25    XL:     9   Next: 84%
Magic:  8/8        EV:  9    Int:  5    God:    Nemelex Xobeh [***...]
Gold:   451        SH:  5    Dex: 10    Spells: 8/8 levels left

rFire   . . .        r - +4 broad axe
rCold   . . .        c - +0 buckler
rNeg    . . .        t - +3 chain mail {rPois}
rPois   +            (helmet restricted)
rElec   .            N - scarf {repulsion}
rCorr   .            (no gloves)
SInv    +            (no boots)
Will    +....        (no amulet) Stlth
                     L - ring of willpower
HPRegen 0.33/turn    v - ring of see invisible
MPRegen 0.11/turn

%: repel missiles
@: corroded
A: horns 2, retaliatory headbutt
a: Renounce Religion, Draw Escape, Draw Destruction, Draw Summoning, Triple Draw


You were on level 9 of the Dungeon.
You worshipped Nemelex Xobeh.
Nemelex Xobeh was most pleased with you.
You visited 2 branches of the dungeon, and saw 10 of its levels.

You collected 451 gold pieces.

Inventory:

Hand Weapons
 l - a +1 dagger of venom
 r - a +4 broad axe (weapon)
 s - a +2 whip of holy wrath
 z - a +3 dagger
 E - a +2 orcbow of electrocution
 F - a +2 battleaxe of freezing
 H - a +2 long sword
 I - a +0 scimitar
 M - a +1 hand axe
 R - a +0 scythe of venom
 U - a +2 short sword
 V - a +3 long sword
 X - a +4 spear
Missiles
 e - 59 stones
 p - 5 boomerangs (quivered)
 q - 17 poisoned darts
 K - a curare-tipped dart
 W - 3 throwing nets
Armour
 b - a +0 scale mail
 c - a +0 buckler (worn)
 g - a +0 chain mail
 i - a +0 ring mail
 t - a +3 chain mail of poison resistance (worn)
 y - +0 steam dragon scales
 A - a +4 ring mail
 D - a +1 robe of fire resistance
 G - a +2 robe of positive energy
 N - a scarf of repulsion (worn)
 P - a +2 leather armour of poison resistance
 Z - +0 acid dragon scales
Magical Staves
 m - a staff of fire
 u - a staff of alchemy
Jewellery
 h - a ring of wizardry
 j - an amulet of magic regeneration
 o - a ring of willpower
 v - a ring of see invisible (right hand)
 L - a ring of willpower (left hand)
Wands
 J - a wand of mindburst (8)
 T - a wand of flame (76)
Scrolls
 a - a scroll of fear
 k - 2 scrolls of teleportation
 n - a scroll of identify
 B - a scroll of amnesia
Potions
 d - 2 potions of might
 f - 4 potions of curing
 w - 2 potions of invisibility {unknown}
 x - a potion of enlightenment {unknown}
 C - 2 potions of haste {unknown}
 O - 3 potions of lignification
 Q - 2 potions of mutation {unknown}
 S - 2 potions of magic {unknown}


   Skills:
 + Level 6.7 Fighting
 + Level 2.6 Long Blades
 + Level 8.9(9.2) Axes
 + Level 1.0(5.6) Maces & Flails
 + Level 3.0(6.4) Polearms
 + Level 6.1 Throwing
 + Level 8.7 Armour
 + Level 2.5 Dodging
 + Level 1.1 Stealth
 + Level 6.0 Shields
 + Level 1.1 Evocations


You had 8 spell levels left.
You didn't know any spells.
Your spell library contained the following spells:

 Spells                   Type           Power      Damage    Failure   Level
 Sting                    Conj/Alch      0%         1d3       95%         1
 Mercury Vapours          Alch/Air       0%         N/A       99%         2
 Dazzling Flash           Conj/Hex       0%         N/A       100%        3
 Volatile Blastmotes      Fire/Tloc      0%         2d10      100%        3
 Olgreb's Toxic Radiance  Alch           0%         N/A       100%        4
 Starburst                Conj/Fire      0%         6d3       100%        6
 Maxwell's Capacitive Co  Air            0%         ∞         100%        8


Dungeon Overview and Level Annotations

Branches:
Dungeon (9/15)             Temple (1/1) D:5
   Lair: D:8-11         Orc: D:9-12

Altars:
Ashenzari
Cheibriados
Dithmenos
Elyvilon
Fedhas
Gozag
Hepliaklqana
Kikubaaqudgha
Makhleb
Nemelex Xobeh
Okawaru
Qazlal
Sif Muna
Trog
Uskayaw
Vehumet
Wu Jian
Xom
Yredelemnul
Zin
The Shining One

Shops:
D:4 ?   D:8 !


Innate Abilities, Weirdness & Mutations

You have a pair of horns on your head.
You reflexively headbutt those who attack you in melee.


Message History

You throw a boomerang.
The boomerang barely misses the steam dragon.
The steam dragon breathes steam at you. The ball of steam hits you!
Throw: 5 boomerangs
Press: ? - help, Q - select action, (/) - cycle Shift-Dir - straight line
Okay, then.
The steam dragon barely misses you. You furiously retaliate!
You headbutt the steam dragon!
The steam dragon claws you but does no damage.
You slash the steam dragon!
You kill the steam dragon!
The steam dragon scales are intact enough to wear.
Things that are here:
+0 steam dragon scales; a steam dragon corpse y - +0 steam dragon scales
Found a leather armour.
Found a cloak.
Found a stone staircase leading up.
You see here a +0 leather armour.
You see here a +0 cloak.
An acid dragon comes into view.
The acid dragon roars!
The acid dragon spits acid at you. The splash of acid hits you!!
The acid corrodes you!
Found 11 gold pieces.
Throw: 5 boomerangs
Press: ? - help, Q - select action, (/) - cycle Shift-Dir - straight line, f - acid dragon
Aim: an acid dragon (catching its breath, 60% to hit)
You throw a boomerang. The boomerang hits the acid dragon!
The acid dragon is moderately wounded.
The acid dragon spits acid at you. The splash of acid hits you!!
* * * LOW HITPOINT WARNING * * *
The acid dragon spits acid at you. The splash of acid hits you!
* * * LOW HITPOINT WARNING * * *
The acid dragon bites you!
You die...
Your body disappears without a glow.

..# #.# #$# #.# #.#
#.############
#............#
#######.##########.#
......D@# #.#
###..##.# #.# #. ..#
#.# # ###### #.# ..#
#.# #.# ##.## ..#
##...## #.#
##.....## # #.#
#.......#


You could see an acid dragon (catching breath).

Vanquished Creatures
  Sigmund (D:6)
  A vampire (D:7)
  A steam dragon (D:9)
  A vampire mosquito (D:7)
  A water moccasin (D:7)
  An orc warrior (D:9)
  A black bear (D:7)
  2 sky beasts
  2 centaurs
  2 kobold brigands
  A gnoll sergeant (D:5)
  4 bullfrogs
  12 wights
  4 howler monkeys
  A bombardier beetle (D:6)
  A jelly (D:6)
  5 hounds (D:5)
  2 orc priests
  A gnoll bouda (D:5)
  3 sleepcaps (D:7)
  2 orc wizards
  6 adders
  10 gnolls (D:5)
  A shadow imp (D:7)
  A white imp (D:5)
  2 ufetubi (D:7)
  2 ribbon worms
  22 orcs
  2 bats
  6 endoplasms
  3 goblins
  4 hobgoblins
  15 jackals
  3 ball pythons
  A frilled lizard (D:2)
  11 kobolds
  2 rats
140 creatures vanquished.

Vanquished Creatures (collateral kills)
  A wyvern (D:9)
  An acid dragon (D:9)
  A gnoll sergeant (D:5)
  A gnoll bouda (D:5)
  12 gnolls (D:5)
  6 orcs
22 creatures vanquished.

Grand Total: 162 creatures vanquished

Notes
Turn   | Place    | Note
-------+----------+-------------------------------------------
     0 | D:1      | Skullbone the Minotaur Fighter began the quest for the Orb.
     0 | D:1      | Reached XP level 1. HP: 19/19 MP: 0/0
   204 | D:2      | Reached XP level 2. HP: 22/27 MP: 1/1
   541 | D:2      | Reached XP level 3. HP: 33/33 MP: 2/2
   950 | D:3      | Found an opulent altar of Gozag.
  1104 | D:3      | Found an iron altar of Okawaru.
  1248 | D:3      | Found a burning altar of Makhleb.
  1376 | D:3      | Found a sparkling altar of Nemelex Xobeh.
  1387 | D:3      | Became a worshipper of Nemelex Xobeh the Trickster
  1642 | D:4      | Found a white marble altar of Elyvilon.
  1664 | D:4      | Reached XP level 4. HP: 40/40 MP: 3/3
  1695 | D:4      | Found Azobb's Magic Scroll Boutique.
  1780 | D:4      | Reached skill level 1 in Throwing
  1920 | D:4      | Found a stormy altar of Qazlal.
  1920 | D:4      | Noticed a sky beast
  1931 | D:3      | Killed a sky beast
  1932 | D:3      | Reached skill level 1 in Dodging
  1932 | D:3      | Reached XP level 5. HP: 37/46 MP: 4/4
  2073 | D:3      | Reached * piety under Nemelex Xobeh
  2391 | D:5      | Entered Level 5 of the Dungeon
  2401 | D:5      | Reached skill level 5 in Armour
  2524 | D:5      | Found a staircase to the Ecumenical Temple.
  2533 | Temple   | Entered the Ecumenical Temple
  2739 | D:5      | Reached XP level 6. HP: 33/52 MP: 5/5
  2832 | D:5      | Received a gift from Nemelex Xobeh
  3303 | D:6      | Noticed Sigmund
  3307 | D:6      | Killed Sigmund
  3308 | D:6      | Reached skill level 5 in Axes
  3460 | D:6      | Reached XP level 7. HP: 54/60 MP: 6/6
  3834 | D:5      | Received a gift from Nemelex Xobeh
  3873 | D:5      | Reached skill level 5 in Fighting
  3935 | D:5      | Reached skill level 1 in Long Blades
  4062 | D:5      | Reached XP level 8. HP: 66/69 MP: 7/7
  4063 | D:5      | Reached skill level 1 in Polearms
  4361 | D:5      | Reached ** piety under Nemelex Xobeh
  4759 | D:6      | Received a gift from Nemelex Xobeh
  6204 | D:7      | Reached skill level 5 in Shields
  6261 | D:7      | Found a glowing golden altar of the Shining One.
  6271 | D:7      | Reached skill level 1 in Evocations
  6346 | D:7      | Reached skill level 1 in Stealth
  6660 | D:7      | Reached skill level 1 in Maces & Flails
  6660 | D:7      | Reached XP level 9. HP: 55/75 MP: 8/8
  6799 | D:7      | Reached skill level 5 in Throwing
  7290 | D:8      | Received a gift from Nemelex Xobeh
  7468 | D:8      | Found Ykke's Distillery.
  7550 | D:8      | Identified the +0 ring mail of Quiescent Amelioration {Harm
                  | rC+}
  7716 | D:8      | Found a broken altar of Ashenzari.
  7892 | D:8      | Found a shimmering blue altar of Sif Muna.
  8255 | D:9      | Reached *** piety under Nemelex Xobeh
  8337 | D:9      | Slain by an acid dragon

Illustrated notes

Levels and vault maps discovered:
D:1:      spicycebolla_arrival_ecumenical, layout_rooms
D:2:      layout_basic, serial_park_tiny_pond, minmay_puff
D:3:      layout_loops_corners, mainiacjoe_overflow_alcove_1,
          mainiacjoe_overflow_boulevard, mainiacjoe_overflow_alcove_4,
          nicolae_overflow_crystal_walls, corexii_leaking_fountain
D:4:      layout_basic, general_overflow_altar,
          nicolae_qazlal_beasts_of_the_sky, serial_shops, shop
D:5:      lemuel_castle_with_subvaults [lemuel_castle_interior_original],
          layout_loops_ring, minmay_temple_entry_hall
D:6:      layout_gridville, uniq_sigmund
D:7:      minmay_opposing_rooms, layout_basic, mainiacjoe_overflow_paths,
          serial_park_tiny_2
D:8:      layout_basic, mainiacjoe_overflow_alcove_2,
          mainiacjoe_overflow_surrounded_room, serial_shops, shop
D:9:      layout_loops_ring, serial_shops, nicolae_shop_rolling_square
Temple:   minmay_temple_bridge_abc

Skill      XL: |  1  2  3  4  5  6  7  8  9 |
---------------+----------------------------+-----
Armour         | 4 5 6 7 8 |  8.7
Axes           | 3 4 5 6 8 |  8.9
Fighting       | 4 5 6 |  6.7
Throwing       | 1 2 3 4 6 |  6.1
Shields        | 4 5 6 |  6.0
Dodging        | 1 2 |  2.5
Long Blades    | 1 2 |  2.6
Polearms       | 3 |  3.0
Evocations     | 1 |  1.1
Stealth        | 1 |  1.1
Maces & Flails | 1 |  1.0

Action                     |  1- 3 |  4- 6 |  7- 9 || total
---------------------------+-------+-------+-------++-------
  Melee: War axe           |    72 |    52 |       ||   124
         Headbutt          |    12 |     6 |    41 ||    59
         Halberd           |       |     3 |     7 ||    10
         Long sword        |       |       |    20 ||    20
         Spear             |       |       |    83 ||    83
         Broad axe         |       |       |   111 ||   111
         Whip              |       |       |    14 ||    14
  Throw: Stone             |    10 |       |       ||    10
         Boomerang         |    18 |    26 |    77 ||   121
 Invoke: Draw Summoning    |       |       |     4 ||     4
         Draw Destruction  |       |       |     3 ||     3
  Evoke: Wand              |       |     3 |     4 ||     7
    Use: Scroll            |       |       |    14 ||    14
 Armour: Scale mail        |    29 |       |       ||    29
         Ring mail         |    17 |    44 |    50 ||   111
         Chain mail        |       |       |   134 ||   134
  Dodge: Dodged            |    37 |    17 |   117 ||   171
  Block: Buckler           |    18 |    12 |    56 ||    86
